| TOP OF THE 1ST |
|
Cincinnati Reds batting - Pitching for Atlanta Braves : RHP Alan Knicely
|
|
Pitching: RHP Alan Knicely
|
|
|
Batting: RHB Gary Matthews
|
0-0: Ball 1-0: Ball 2-0: Ball 3-0: Base on Balls
|
|
Batting: RHB Bill Melton
|
0-0: Called Strike 0-1: Called Strike Gary Matthews steals 2nd base 0-2: Ball 1-2: Ball 2-2: Foul Ball, location: 2F 2-2: Foul Ball, location: 2F 2-2: Ground out 6-3 (Groundball, 6, EV 92.5 MPH) Gary Matthews to third
|
|
Batting: LHB Darrell Evans
|
0-0: Ball 1-0: Ball 2-0: Ball 3-0: Called Strike 3-1: Ground out 6-3 (Groundball, 6M, EV 107.5 MPH) Gary Matthews scores
|
|
Batting: LHB Joseph Talley
|
0-0: Ball 1-0: Foul Ball, location: 2F 1-1: Swinging Strike 1-2: Strikes out swinging
|
| Top of the 1st over - 1 run, 0 hits, 0 errors, 0 left on base; Cincinnati 1 - Atlanta 0 |
| BOTTOM OF THE 1ST |
|
Atlanta Braves batting - Pitching for Cincinnati Reds : RHP Steve Brown
|
|
Pitching: RHP Steve Brown
|
|
|
Batting: LHB Brett Butler
|
0-0: Bunted foul 0-1: Ball 1-1: Ball 2-1: Foul Ball, location: 2F 2-2: Foul Ball, location: 2F 2-2: Ball 3-2: Foul Ball, location: 2F 3-2: Base on Balls
|
|
Batting: LHB Joe L Morgan
|
0-0: Ball 1-0: Called Strike 1-1: Grounds into double play, 4-6-3 (Groundball, 34D, EV 88.1 MPH)
|
|
Batting: SHB Tony Fernandez
|
0-0: Called Strike 0-1: Ball 1-1: Called Strike 1-2: Foul Ball, location: 2F 1-2: DOUBLE (Line Drive, 89D, EV 107.5 MPH)
|
|
Batting: LHB Karl Pagel
|
0-0: Foul Ball, location: 2F 0-1: Foul Ball, location: 2F 0-2: Foul Ball, location: 2F 0-2: Foul Ball, location: 2F 0-2: Ball 1-2: Ball 2-2: Ball 3-2: Ground out 4-3 (Groundball, 4M, EV 78.1 MPH)
|
| Bottom of the 1st over - 0 runs, 1 hit, 0 errors, 1 left on base; Cincinnati 1 - Atlanta 0 |
| TOP OF THE 2ND |
|
Cincinnati Reds batting - Pitching for Atlanta Braves : RHP Alan Knicely
|
|
Batting: RHB Johnny Bench
|
0-0: Called Strike 0-1: Swinging Strike 0-2: Strikes out swinging
|
|
Batting: RHB Nick Deurloo
|
0-0: Foul Ball, location: 2F 0-1: Ball 1-1: Ground out 6-3 (Groundball, 6, EV 98.8 MPH)
|
|
Batting: RHB Jim Anderson
|
0-0: Fly out, F8 (Flyball, 8LXD, EV 100.6 MPH)
|
| Top of the 2nd over - 0 runs, 0 hits, 0 errors, 0 left on base; Cincinnati 1 - Atlanta 0 |
| BOTTOM OF THE 2ND |
|
Atlanta Braves batting - Pitching for Cincinnati Reds : RHP Steve Brown
|
|
Batting: LHB Mike Hargrove
|
0-0: Ground out 5-3 (Groundball, 5L, EV 85.0 MPH)
|
|
Batting: LHB Brent Hillenga
|
0-0: Ball 1-0: Called Strike 1-1: Ground out 6-3 (Groundball, 6, EV 83.8 MPH)
|
|
Batting: RHB Adam Suman
|
0-0: DOUBLE (Flyball, 8LXD, EV 111.3 MPH)
|
|
Batting: RHB Tom Veryzer
|
0-0: Ball 1-0: Called Strike 1-1: Ball 2-1: Ball 3-1: Base on Balls
|
|
Batting: RHB Alan Knicely
|
0-0: SINGLE (Line Drive, 89S, EV 112.5 MPH) Adam Suman to third Tom Veryzer to second Runner from 3rd tries for Home, SAFE, throw by RF to home
|
|
Batting: LHB Brett Butler
|
0-0: Ball 1-0: Swinging Strike 1-1: Ball 2-1: Ball 3-1: Fielders Choice at 2nd, 5-4 (Groundball, 5, EV 81.9 MPH)
|
| Bottom of the 2nd over - 1 run, 2 hits, 0 errors, 2 left on base; Cincinnati 1 - Atlanta 1 |
| TOP OF THE 3RD |
|
Cincinnati Reds batting - Pitching for Atlanta Braves : RHP Alan Knicely
|
|
Batting: RHB Jesus Alfaro
|
0-0: Ball 1-0: Ball 2-0: Ball 3-0: Base on Balls
|
|
Batting: LHB Steve Brown
|
0-0: Bunted foul 0-1: Bunted foul 0-2: Ball 1-2: Bunted foul, Strikeout!
|
|
Batting: RHB Gary Matthews
|
0-0: Ball 1-0: Fly out, F8 (Flyball, 8RM, EV 83.8 MPH)
|
|
Batting: RHB Bill Melton
|
0-0: Hit by Pitch Jesus Alfaro to second
|
|
Batting: LHB Darrell Evans
|
0-0: Called Strike 0-1: Ball 1-1: Ball 2-1: Ball 3-1: Base on Balls Jesus Alfaro to third Bill Melton to second
|
|
Batting: LHB Joseph Talley
|
0-0: Called Strike 0-1: Foul Ball, location: 2F 0-2: Ball 1-2: Fielders Choice at 2nd, 6-4 (Groundball, 56, EV 90.6 MPH)
|
| Top of the 3rd over - 0 runs, 0 hits, 0 errors, 3 left on base; Cincinnati 1 - Atlanta 1 |
| BOTTOM OF THE 3RD |
|
Atlanta Braves batting - Pitching for Cincinnati Reds : RHP Steve Brown
|
|
Batting: LHB Joe L Morgan
|
0-0: Called Strike 0-1: Fly out, F6 (Popup, 6S, EV 64.4 MPH)
|
|
Batting: SHB Tony Fernandez
|
0-0: SINGLE (Flyball, 78S, EV 95.6 MPH)
|
|
Batting: LHB Karl Pagel
|
0-0: Swinging Strike 0-1: Ball 1-1: Swinging Strike 1-2: Strikes out swinging
|
|
Batting: LHB Mike Hargrove
|
0-0: Swinging Strike Tony Fernandez steals 2nd base (no throw) 0-1: Ground out 4-3 (Groundball, 34, EV 89.4 MPH)
|
| Bottom of the 3rd over - 0 runs, 1 hit, 0 errors, 1 left on base; Cincinnati 1 - Atlanta 1 |
| TOP OF THE 4TH |
|
Cincinnati Reds batting - Pitching for Atlanta Braves : RHP Alan Knicely
|
|
Batting: RHB Johnny Bench
|
0-0: Swinging Strike 0-1: Called Strike 0-2: Foul Ball, location: 2F 0-2: Ball 1-2: Ball 2-2: Foul Ball, location: 2F 2-2: Ball 3-2: Foul Ball, location: 2F 3-2: Base on Balls
|
|
Batting: RHB Nick Deurloo
|
0-0: Called Strike 0-1: Fly out, F9 (Line Drive, 9D, EV 106.9 MPH)
|
|
Batting: RHB Jim Anderson
|
0-0: Foul Ball, location: 2F 0-1: Ball 1-1: Ball 2-1: Ball 3-1: SINGLE (Groundball, 3D, EV 95.6 MPH) Johnny Bench to second Runner from 2nd tries for 3rd, SAFE, no throw by RF
|
|
Batting: RHB Jesus Alfaro
|
0-0: Ball 1-0: Ball Passed Ball! Johnny Bench scores Jim Anderson to second 2-0: Called Strike 2-1: Fly out, F5 (Line Drive, 5, EV 65.0 MPH)
|
|
Batting: LHB Steve Brown
|
0-0: Foul Ball, location: 2F 0-1: Foul Ball, location: 2F 0-2: Ball 1-2: Ball 2-2: Ball 3-2: Foul Ball, location: 2F 3-2: Strikes out looking
|
| Top of the 4th over - 1 run, 1 hit, 0 errors, 1 left on base; Cincinnati 2 - Atlanta 1 |
| BOTTOM OF THE 4TH |
|
Atlanta Braves batting - Pitching for Cincinnati Reds : RHP Steve Brown
|
|
Batting: LHB Brent Hillenga
|
0-0: Called Strike 0-1: Ball 1-1: Called Strike 1-2: Strikes out swinging
|
|
Batting: RHB Adam Suman
|
0-0: Ball 1-0: Foul Ball, location: 2F 1-1: Ground out 6-3 (Groundball, 6M, EV 100.6 MPH)
|
|
Batting: RHB Tom Veryzer
|
0-0: Ball 1-0: Swinging Strike 1-1: Ball 2-1: Reached on error, E4 (Groundball, 34, EV 106.3 MPH)
|
|
Pinch Hitting: RHB James Shinn
|
0-0: Ball Tom Veryzer steals 2nd base 1-0: SINGLE (Line Drive, 4M, EV 94.4 MPH) Tom Veryzer to third Runner from 3rd tries for Home, SAFE, throw by CF to home
|
|
Batting: LHB Brett Butler
|
0-0: Fielders Choice at 2nd, U6 (Groundball, 6M, EV 93.1 MPH)
|
| Bottom of the 4th over - 1 run, 1 hit, 1 error, 1 left on base; Cincinnati 2 - Atlanta 2 |
| TOP OF THE 5TH |
|
Cincinnati Reds batting - Pitching for Atlanta Braves : RHP Alan Knicely
|
|
Pitching: RHP Rick Sutcliffe
|
|
|
Batting: RHB Gary Matthews
|
0-0: Foul Ball, location: 2F 0-1: Called Strike 0-2: Strikes out looking
|
|
Batting: RHB Bill Melton
|
0-0: Ground out 5-3 (Groundball, 5, EV 91.9 MPH)
|
|
Batting: LHB Darrell Evans
|
0-0: Called Strike 0-1: Ball 1-1: Ball 2-1: Called Strike 2-2: Ball 3-2: Foul Ball, location: 2F 3-2: Base on Balls
|
|
Batting: LHB Joseph Talley
|
0-0: Swinging Strike 0-1: Ball 1-1: Called Strike 1-2: Fly out, F7 (Line Drive, 7, EV 93.8 MPH)
|
| Top of the 5th over - 0 runs, 0 hits, 0 errors, 1 left on base; Cincinnati 2 - Atlanta 2 |
| BOTTOM OF THE 5TH |
|
Atlanta Braves batting - Pitching for Cincinnati Reds : RHP Steve Brown
|
|
Pitching: RHP Andy Replogle
|
|
|
Batting: LHB Joe L Morgan
|
0-0: Ball 1-0: Ball 2-0: Ball 3-0: Base on Balls
|
|
Batting: SHB Tony Fernandez
|
0-0: Called Strike 0-1: Fielders Choice at 2nd, 6-4 (Groundball, 6M, EV 110.6 MPH)
|
|
Batting: LHB Karl Pagel
|
0-0: Ball Tony Fernandez is caught stealing 2nd base 2-6 1-0: Called Strike 1-1: Foul Ball, location: 2F 1-2: Ball 2-2: Fly out, F9 (Flyball, 9, EV 85.0 MPH)
|
| Bottom of the 5th over - 0 runs, 0 hits, 0 errors, 0 left on base; Cincinnati 2 - Atlanta 2 |
| TOP OF THE 6TH |
|
Cincinnati Reds batting - Pitching for Atlanta Braves : RHP Rick Sutcliffe
|
|
Batting: RHB Johnny Bench
|
0-0: Ball 1-0: Ball 2-0: Ball 3-0: Called Strike 3-1: Base on Balls
|
|
Batting: RHB Nick Deurloo
|
0-0: Grounds into double play, 4-6-3 (Groundball, 4, EV 79.4 MPH)
|
|
Batting: RHB Jim Anderson
|
0-0: Ball 1-0: Called Strike 1-1: Fly out, F7 (Flyball, 7LM, EV 90.0 MPH)
|
| Top of the 6th over - 0 runs, 0 hits, 0 errors, 0 left on base; Cincinnati 2 - Atlanta 2 |
| BOTTOM OF THE 6TH |
|
Atlanta Braves batting - Pitching for Cincinnati Reds : RHP Andy Replogle
|
|
Batting: LHB Mike Hargrove
|
0-0: Ground out 4-3 (Groundball, 4, EV 85.6 MPH)
|
|
Batting: LHB Brent Hillenga
|
0-0: Called Strike 0-1: Ball 1-1: Fly out, F7 (Flyball, 7, EV 83.1 MPH)
|
|
Batting: RHB Adam Suman
|
0-0: Ball 1-0: Ball 2-0: Called Strike 2-1: Fly out, F7 (Flyball, 7LM, EV 109.4 MPH)
|
| Bottom of the 6th over - 0 runs, 0 hits, 0 errors, 0 left on base; Cincinnati 2 - Atlanta 2 |
| TOP OF THE 7TH |
|
Cincinnati Reds batting - Pitching for Atlanta Braves : RHP Rick Sutcliffe
|
|
Batting: RHB Jesus Alfaro
|
0-0: Ball 1-0: Foul Ball, location: 2F 1-1: Foul Ball, location: 2F 1-2: Foul Ball, location: 2F 1-2: Foul Ball, location: 2F 1-2: DOUBLE (Line Drive, 7LM, EV 100.6 MPH)
|
|
Pinch Hitting: LHB Chad Daley
|
0-0: Intentional Walk
|
|
Pinch Hitting: LHB Roberto Ruiz
|
0-0: Foul Ball, location: 2F 0-1: Ball 1-1: Ball 2-1: SINGLE (Groundball, 34D, EV 103.1 MPH) Jesus Alfaro to third Chad Daley to second
|
|
Pinch Hitting: LHB Kevin Schoendienst
|
0-0: Called Strike 0-1: Ball 1-1: DOUBLE (Line Drive, 7LS, EV 103.8 MPH) Jesus Alfaro scores Chad Daley scores Roberto Ruiz to third
|
|
Pinch Hitting: RHB Marco Mosquera
|
0-0: SINGLE (Line Drive, 78S, EV 104.4 MPH) Roberto Ruiz scores Kevin Schoendienst to third Runner from 3rd tries for Home, SAFE, throw by LF to home
|
|
Pitching: RHP Doc Medich
|
|
|
Pinch Hitting: LHB Jim Bennett
|
0-0: Foul Ball, location: 2F 0-1: Ball 1-1: Ball 2-1: SINGLE (Groundball, 34S, EV 65.6 MPH) (infield hit) Marco Mosquera to second
|
|
Batting: RHB Johnny Bench
|
0-0: Ball 1-0: Called Strike 1-1: Ball 2-1: Ball 3-1: Base on Balls Marco Mosquera to third Jim Bennett to second
|
|
Pinch Hitting: LHB Mike Easler
|
0-0: Grounds into fielders choice 6-2 (Groundball, 6, EV 102.5 MPH) Jim Bennett to third Johnny Bench to second
|
|
Pinch Hitting: SHB Mark T McLemore
|
0-0: Foul Ball, location: 2F 0-1: Swinging Strike 0-2: Ball 1-2: Ball 2-2: Strikes out swinging
|
|
Pinch Hitting: SHB Julio Estrada
|
0-0: Ball 1-0: Called Strike 1-1: Ball 2-1: Ball 3-1: Base on Balls Jim Bennett scores Johnny Bench to third Mike Easler to second
|
|
Batting: LHB Chad Daley
|
0-0: Called Strike 0-1: Swinging Strike 0-2: Ball 1-2: Strikes out looking
|
| Top of the 7th over - 5 runs, 5 hits, 0 errors, 3 left on base; Cincinnati 7 - Atlanta 2 |
| BOTTOM OF THE 7TH |
|
Atlanta Braves batting - Pitching for Cincinnati Reds : RHP Andy Replogle
|
|
Pitching: LHP Ricky Horton
|
|
|
Now at 1B: Scott Radloff
|
|
|
Now at 2B: Julio Estrada
|
|
|
Now at 3B: Craig Smajstrla
|
|
|
Now at SS: David Bertulli
|
|
|
Now in LF: Michael Wishnevski
|
|
|
Now in CF: Roberto Ruiz
|
|
|
Now in RF: Jim Bennett
|
|
|
Batting: RHB Tom Veryzer
|
0-0: SINGLE (Groundball, 56D, EV 108.8 MPH)
|
|
Pinch Hitting: RHB Dan Ford
|
0-0: Ball 1-0: Ball 2-0: 2-RUN HOME RUN (Flyball, 7D, EV 103.1 MPH), Distance : 376 ft
|
|
Pinch Hitting: LHB Leon Durham
|
0-0: Fly out, F7 (Line Drive, 7, EV 91.3 MPH)
|
|
Pinch Hitting: SHB UL Washington
|
0-0: Ball 1-0: Foul Ball, location: 2F 1-1: Ball 2-1: SINGLE (Flyball, 56D, EV 83.1 MPH)
|
|
Pinch Hitting: RHB Guy Sularz
|
0-0: Called Strike 0-1: Ball Wild Pitch! UL Washington to second 1-1: Called Strike 1-2: Foul Ball, location: 2F 1-2: Foul Ball, location: 2F 1-2: Ball 2-2: SINGLE (Groundball, 3S, EV 68.1 MPH) (infield hit) UL Washington to third
|
|
Pinch Hitting: RHB Dave Sax
|
0-0: Swinging Strike 0-1: Ball 1-1: Ball 2-1: Swinging Strike 2-2: Foul Ball, location: 2F 2-2: Strikes out swinging
|
|
Pinch Hitting: RHB Mike Fuentes
|
0-0: Ball 1-0: SINGLE (Line Drive, 4D, EV 97.5 MPH) UL Washington scores Guy Sularz to second Runner from 2nd tries for 3rd, SAFE, throw by CF made to third
|
|
Pitching: RHP Jay Dillard
|
|
|
Pinch Hitting: RHB Dave Stegman
|
0-0: Fly out, F7 (Flyball, 7S, EV 86.9 MPH)
|
| Bottom of the 7th over - 3 runs, 5 hits, 0 errors, 2 left on base; Cincinnati 7 - Atlanta 5 |
| TOP OF THE 8TH |
|
Cincinnati Reds batting - Pitching for Atlanta Braves : RHP Doc Medich
|
|
Pitching: RHP Charlie Lea
|
|
|
Now at 1B: Dave Sax
|
|
|
Now at 2B: UL Washington
|
|
|
Now at SS: Guy Sularz
|
|
|
Now in LF: Leon Durham
|
|
|
Now in CF: Dave Stegman
|
|
|
Now in RF: Mike Fuentes
|
|
|
Batting: LHB Roberto Ruiz
|
0-0: Called Strike 0-1: Ball 1-1: Ground out 6-3 (Groundball, 6, EV 82.5 MPH)
|
|
Batting: LHB Scott Radloff
|
0-0: Called Strike 0-1: Foul Ball, location: 2F 0-2: Ball 1-2: Ball 2-2: Strikes out swinging
|
|
Batting: LHB Michael Wishnevski
|
0-0: Ball 1-0: Called Strike 1-1: Ball 2-1: Ball 3-1: Base on Balls
|
|
Batting: LHB Jim Bennett
|
0-0: Ball 1-0: Called Strike 1-1: Ball 2-1: Ball 3-1: DOUBLE (Flyball, 89D, EV 94.4 MPH) Michael Wishnevski to third Runner from 3rd tries for Home, SAFE, throw by RF to home
|
|
Batting: RHB Johnny Bench
|
0-0: Intentional Walk
|
|
Batting: SHB Craig Smajstrla
|
0-0: Called Strike 0-1: Ball 1-1: Swinging Strike 1-2: Fly out, F7 (Flyball, 7S, EV 95.6 MPH)
|
| Top of the 8th over - 1 run, 1 hit, 0 errors, 2 left on base; Cincinnati 8 - Atlanta 5 |
| BOTTOM OF THE 8TH |
|
Atlanta Braves batting - Pitching for Cincinnati Reds : RHP Jay Dillard
|
|
Batting: RHB Adam Suman
|
0-0: SINGLE (Line Drive, 3D, EV 99.4 MPH)
|
|
Pinch Hitting: LHB Dan Rohn
|
0-0: Called Strike 0-1: Ball 1-1: Foul Ball, location: 2F 1-2: Foul Ball, location: 2F 1-2: Ball 2-2: Strikes out swinging
|
|
Pinch Hitting: LHB Rod Carew
|
0-0: Fly out, F7 (Flyball, 7D, EV 93.1 MPH)
|
|
Batting: LHB Leon Durham
|
0-0: Swinging Strike 0-1: Ball 1-1: Swinging Strike 1-2: Strikes out swinging, 2-3 out at first.
|
| Bottom of the 8th over - 0 runs, 1 hit, 0 errors, 1 left on base; Cincinnati 8 - Atlanta 5 |
| TOP OF THE 9TH |
|
Cincinnati Reds batting - Pitching for Atlanta Braves : RHP Charlie Lea
|
|
Pitching: LHP Scott McGregor
|
|
|
Now at 2B: Dan Rohn
|
|
|
Batting: LHB David Bertulli
|
0-0: Foul Ball, location: 2F 0-1: Ball 1-1: Ball 2-1: Foul Ball, location: 2F 2-2: Ground out 4-3 (Groundball, 4, EV 93.8 MPH)
|
|
Batting: SHB Julio Estrada
|
0-0: Called Strike 0-1: Swinging Strike 0-2: Strikes out swinging
|
|
Pinch Hitting: RHB Luis Gonzalez
|
0-0: Ball 1-0: Ball 2-0: Ball 3-0: Called Strike 3-1: DOUBLE (Line Drive, 3D, EV 94.4 MPH)
|
|
Batting: LHB Roberto Ruiz
|
0-0: Ground out 1-3 (Groundball, 13S, EV 69.4 MPH)
|
| Top of the 9th over - 0 runs, 1 hit, 0 errors, 1 left on base; Cincinnati 8 - Atlanta 5 |
| BOTTOM OF THE 9TH |
|
Atlanta Braves batting - Pitching for Cincinnati Reds : RHP Jay Dillard
|
|
Pitching: RHP Mike Rowland
|
|
|
Batting: SHB UL Washington
|
0-0: Foul Ball, location: 2F 0-1: Foul Ball, location: 2F 0-2: Ball 1-2: Foul Ball, location: 2F 1-2: Ground out 5-3 (Groundball, 5, EV 81.3 MPH)
|
|
Batting: RHB Guy Sularz
|
0-0: Ball 1-0: Ball 2-0: Ball 3-0: Foul Ball, location: 2F 3-1: Foul Ball, location: 2F 3-2: DOUBLE (Groundball, 3L, EV 108.1 MPH)
|
|
Batting: RHB Dave Sax
|
0-0: Called Strike 0-1: Ball 1-1: Fly out, F9 (Flyball, 9S, EV 86.3 MPH)
|
|
Batting: RHB Mike Fuentes
|
0-0: Ball 1-0: Ball 2-0: Called Strike 2-1: SINGLE (Line Drive, 34D, EV 108.1 MPH) Guy Sularz to third
|
|
Pinch Hitting: LHB Mike Scioscia
|
0-0: Ball 1-0: Ball 2-0: SINGLE (Groundball, 34D, EV 101.3 MPH) Guy Sularz scores Mike Fuentes to second
|
|
Pinch Hitting: RHB Gary Allenson
|
0-0: Ball 1-0: Ball 2-0: DOUBLE (Line Drive, 8LXD, EV 97.5 MPH) Mike Fuentes scores Mike Scioscia to third Runner from 3rd tries for Home, SAFE, throw by CF to trailing runner, OUT at third! 8-6-5
|
| Bottom of the 9th over - 3 runs, 4 hits, 0 errors, 0 left on base; Cincinnati 8 - Atlanta 8 |
| TOP OF THE 10TH |
|
Cincinnati Reds batting - Pitching for Atlanta Braves : LHP Scott McGregor
|
|
Pitching: LHP Wilbur Wood
|
|
|
Now at C: Mike Scioscia
|
|
|
Now at 1B: Gary Allenson
|
|
|
Batting: LHB Scott Radloff
|
0-0: Foul Ball, location: 2F 0-1: Ball 1-1: Ball 2-1: Foul Ball, location: 2F 2-2: Ball 3-2: Ground out 1-3 (Groundball, 34S, EV 69.4 MPH)
|
|
Pinch Hitting: RHB John Malkin
|
0-0: Ball 1-0: Foul Ball, location: 2F 1-1: Foul Ball, location: 2F 1-2: Foul Ball, location: 2F 1-2: Ball 2-2: Ball 3-2: Base on Balls
|
|
Batting: LHB Jim Bennett
|
0-0: Called Strike 0-1: Called Strike 0-2: Foul Ball, location: 2F 0-2: Ball 1-2: Ball 2-2: Foul Ball, location: 2F 2-2: Strikes out swinging
|
|
Pinch Hitting: RHB Tracy Cowger
|
0-0: Ground out 4-3 (Groundball, 4, EV 101.3 MPH)
|
| Top of the 10th over - 0 runs, 0 hits, 0 errors, 1 left on base; Cincinnati 8 - Atlanta 8 |
| BOTTOM OF THE 10TH |
|
Atlanta Braves batting - Pitching for Cincinnati Reds : RHP Mike Rowland
|
|
Pitching: LHP Al Hrabosky
|
|
|
Now at C: John Malkin
|
|
|
Now in LF: Tracy Cowger
|
|
|
Batting: LHB Dan Rohn
|
0-0: Ball 1-0: Ball 2-0: Ball 3-0: Called Strike 3-1: Base on Balls
|
|
Pinch Hitting: SHB Donnie Scott
|
0-0: Foul Ball, location: 2F 0-1: Grounds into double play, 4-6-3 (Groundball, 4, EV 99.4 MPH)
|
|
Batting: LHB Leon Durham
|
0-0: Called Strike 0-1: Called Strike 0-2: Ball 1-2: Ball 2-2: Foul Ball, location: 2F 2-2: Ground out U3 (Groundball, 3, EV 88.1 MPH)
|
| Bottom of the 10th over - 0 runs, 0 hits, 0 errors, 0 left on base; Cincinnati 8 - Atlanta 8 |
| TOP OF THE 11TH |
|
Cincinnati Reds batting - Pitching for Atlanta Braves : LHP Wilbur Wood
|
|
Pitching: RHP Larry Yount
|
|
|
Batting: SHB Craig Smajstrla
|
0-0: Ball 1-0: Ball 2-0: Foul Ball, location: 2F 2-1: Foul Ball, location: 2F 2-2: Strikes out swinging
|
|
Batting: LHB David Bertulli
|
0-0: Called Strike 0-1: Foul Ball, location: 2F 0-2: Ground out 6-3 (Groundball, 6, EV 89.4 MPH)
|
|
Batting: SHB Julio Estrada
|
0-0: Ball 1-0: DOUBLE (Flyball, 78D, EV 106.3 MPH)
|
|
Pinch Hitting: RHB Gregory Norman
|
0-0: Called Strike 0-1: Ball 1-1: Foul Ball, location: 2F 1-2: Strikes out looking
|
| Top of the 11th over - 0 runs, 1 hit, 0 errors, 1 left on base; Cincinnati 8 - Atlanta 8 |
| BOTTOM OF THE 11TH |
|
Atlanta Braves batting - Pitching for Cincinnati Reds : LHP Al Hrabosky
|
|
Pitching: RHP Mark Breitenbach
|
|
|
Batting: SHB UL Washington
|
0-0: Called Strike 0-1: Ball 1-1: Ball 2-1: Foul Ball, location: 2F 2-2: Foul Ball, location: 2F 2-2: Strikes out swinging
|
|
Batting: RHB Guy Sularz
|
0-0: Called Strike 0-1: Ball 1-1: Ball 2-1: Fly out, F8 (Flyball, 89D, EV 103.1 MPH)
|
|
Batting: RHB Dave Sax
|
0-0: Foul Ball, location: 2F 0-1: Foul Ball, location: 2F 0-2: Ball 1-2: Strikes out swinging
|
| Bottom of the 11th over - 0 runs, 0 hits, 0 errors, 0 left on base; Cincinnati 8 - Atlanta 8 |
| TOP OF THE 12TH |
|
Cincinnati Reds batting - Pitching for Atlanta Braves : RHP Larry Yount
|
|
Batting: LHB Roberto Ruiz
|
0-0: Foul Ball, location: 2F 0-1: Ball 1-1: SINGLE (Line Drive, 6M, EV 94.4 MPH)
|
|
Batting: LHB Scott Radloff
|
0-0: Called Strike 0-1: Foul Ball, location: 2F 0-2: Ball 1-2: Foul Ball, location: 2F 1-2: Strikes out swinging
|
|
Batting: RHB John Malkin
|
0-0: Foul Ball, location: 2F 0-1: Ball 1-1: Called Strike 1-2: Ball 2-2: Foul Ball, location: 2F 2-2: Ball Wild Pitch! Roberto Ruiz to second 3-2: Foul Ball, location: 2F 3-2: Fly out, F9 (Flyball, 89D, EV 104.4 MPH) Runner from 2nd tags up, SAFE at 3rd, no throw by RF
|
|
Batting: LHB Jim Bennett
|
0-0: Intentional Walk
|
|
Batting: RHB Tracy Cowger
|
0-0: Ball 1-0: Fielders Choice at 2nd, 6-4 (Groundball, 6, EV 106.9 MPH)
|
| Top of the 12th over - 0 runs, 1 hit, 0 errors, 2 left on base; Cincinnati 8 - Atlanta 8 |
| BOTTOM OF THE 12TH |
|
Atlanta Braves batting - Pitching for Cincinnati Reds : RHP Mark Breitenbach
|
|
Batting: RHB Mike Fuentes
|
0-0: Called Strike 0-1: Fly out, F8 (Flyball, 89XD, EV 101.3 MPH)
|
|
Batting: LHB Mike Scioscia
|
0-0: Ball 1-0: Fly out, F9 (Flyball, 9, EV 90.0 MPH)
|
|
Batting: RHB Gary Allenson
|
0-0: Ball 1-0: Foul Ball, location: 2F 1-1: Called Strike 1-2: SINGLE (Line Drive, 34D, EV 104.4 MPH)
|
|
Batting: LHB Dan Rohn
|
0-0: Ball 1-0: Ball 2-0: Called Strike 2-1: Ball 3-1: Foul Ball, location: 2F 3-2: Foul Ball, location: 2F 3-2: Base on Balls Gary Allenson to second
|
|
Batting: RHB Larry Yount
|
0-0: Ball 1-0: Foul Ball, location: 2F 1-1: Fly out, F8 (Flyball, 89M, EV 91.3 MPH)
|
| Bottom of the 12th over - 0 runs, 1 hit, 0 errors, 2 left on base; Cincinnati 8 - Atlanta 8 |
| TOP OF THE 13TH |
|
Cincinnati Reds batting - Pitching for Atlanta Braves : RHP Larry Yount
|
|
Batting: SHB Craig Smajstrla
|
0-0: Swinging Strike 0-1: Ball 1-1: Fly out, F9 (Flyball, 9D, EV 106.9 MPH)
|
|
Batting: LHB David Bertulli
|
0-0: Ball 1-0: Foul Ball, location: 2F 1-1: Foul Ball, location: 2F 1-2: Ball 2-2: Ball 3-2: Base on Balls
|
|
Pinch Hitting: RHB John Damon
|
0-0: Ball 1-0: Called Strike 1-1: Swinging Strike 1-2: Strikes out swinging
|
|
Pinch Hitting: RHB Bill Lindsey
|
0-0: Called Strike 0-1: Ball 1-1: Swinging Strike 1-2: Strikes out swinging
|
| Top of the 13th over - 0 runs, 0 hits, 0 errors, 1 left on base; Cincinnati 8 - Atlanta 8 |
| BOTTOM OF THE 13TH |
|
Atlanta Braves batting - Pitching for Cincinnati Reds : RHP Mark Breitenbach
|
|
Pitching: LHP Lee Guetterman
|
|
|
Now at 3B: John Damon
|
|
|
Batting: LHB Leon Durham
|
0-0: SOLO HOME RUN (Flyball, 9D, EV 96.9 MPH), Distance : 424 ft
|
| Bottom of the 13th over - 1 run, 1 hit, 0 errors, 0 left on base; Cincinnati 8 - Atlanta 9 |
|